 Dungeon Crawl Stone Soup version 0.31.0-11-ge490571c62 (webtiles) character file.

Game seed: 11227061539342256155

42 browni3141 the Shield-Bearer (level 3, 0/33 HPs)
             Began as a Minotaur Fighter on Jan 27, 2024.
             Slain by a goblin
             ... wielding a +0 club
             ... led by Robin
              (2 damage)
             ... on level 2 of the Dungeon.
             The game lasted 00:00:21 (225 turns).

browni3141 the Shield-Bearer (Minotaur Fighter)      Turns: 225, Time: 00:00:21

Health: 0/33       AC:  7    Str: 22    XL:     3   Next: 33%
Magic:  2/2        EV:  9    Int:  5    God:
Gold:   39         SH:  4    Dex:  9    Spells: 2/2 levels left

rFire   . . .        a - +0 war axe
rCold   . . .        c - +0 buckler
rNeg    . . .        b - +0 scale mail
rPois   .            (helmet restricted)
rElec   .            (no cloak)
rCorr   .            (no gloves)
SInv    .            (no boots)
Will    .....        (no amulet) Stlth
                     (no ring)
HPRegen 0.25/turn    (no ring)
MPRegen 0.08/turn

%: no passive effects
@: no status effects
A: horns 2, retaliatory headbutt
a: no special abilities


You were on level 2 of the Dungeon.
You visited 1 branch of the dungeon, and saw 2 of its levels.

You collected 39 gold pieces.

Inventory:

Hand Weapons
 a - a +0 war axe (weapon)
Armour
 b - a +0 scale mail (worn)
 c - a +0 buckler (worn)
Scrolls
 e - a scroll of poison {unknown}
 f - a scroll of noise {unknown}
Potions
 d - a potion of might


   Skills:
 + Level 4.0 Fighting
 * Level 3.4 Axes
 + Level 4.0 Armour
 + Level 4.0 Shields


You had 2 spell levels left.
You didn't know any spells.
Your spell library was empty.

Dungeon Overview and Level Annotations

Branches:
Dungeon (2/15)

Altars:

Shops:
D:2 =

Annotations:
D:2 1 runed translucent door, Crazy Yiuf, Robin


Innate Abilities, Weirdness & Mutations

You have a pair of horns on your head.
You reflexively headbutt those who attack you in melee.


Message History

You open the door.
There is an open door here.
You now have 39 gold pieces (gained 14).
An adder comes into view.
The adder hisses angrily.
A kobold comes into view. It is wielding a +0 club.
There are monsters nearby!
There are monsters nearby!
There are monsters nearby!
Robin, 2 goblins and 3 hobgoblins come into view.
The goblin shouts! x2; The hobgoblin shouts!
The kobold shouts!
Robin throws the goblin at you!
You closely miss the goblin. The goblin barely misses you.
Robin roars a battlecry!
The goblins go into a battle-frenzy!
You hear a shout! x2
You slash the goblin!
You kill the goblin!
You barely miss the hobgoblin. The hobgoblin hits you.
You block the adder's attack.
You miss the adder. Your headbutt misses the adder.
You closely miss the hobgoblin. The hobgoblin barely misses you.
The adder closely misses you. The hobgoblin hits you. The adder bites you.
You are poisoned.
The adder poisons you!
You hit the adder. Your headbutt misses the adder.
The adder is moderately wounded.
You hit the hobgoblin.
You feel sick. The adder bites you but does no damage.
The hobgoblin hits you but does no damage.
The adder bites you.
You miss the adder. You headbutt the adder.
The adder is almost dead.
You closely miss the hobgoblin.
You feel sick.
The hobgoblin hits you but does no damage.
The adder barely misses you. The hobgoblin completely misses you.
You hit the adder.
You kill the adder!
You closely miss the hobgoblin.
You feel sick.
You are no longer poisoned.
The hobgoblin hits you.
Your Fighting skill increases to level 4!
Your Armour skill increases to level 4!
Your Shields skill increases to level 4!
You have reached level 3!
Your experience leads to an increase in your attributes!
Increase (S)trength, (I)ntelligence, or (D)exterity?
You feel stronger. x2
You closely miss the hobgoblin.
The hobgoblin is moderately wounded.
You closely miss the hobgoblin.
The hobgoblin hits you but does no damage.
The hobgoblin closely misses you.
You slash the hobgoblin!
You kill the hobgoblin!
You closely miss the hobgoblin. The hobgoblin hits you.
Robin hits you but does no damage. The goblin hits you but does no damage.
You block the hobgoblin's attack. Robin barely misses you.
You hit the hobgoblin.
The hobgoblin is heavily wounded.
You hit the goblin.
You kill the goblin!
Robin hits you but does no damage.
A goblin comes into view. It is wielding a +0 dagger.
You block the hobgoblin's attack.
You slash the hobgoblin!
You kill the hobgoblin!
You closely miss the kobold. The kobold hits you but does no damage.
Robin closely misses you.
You slash the kobold!
You kill the kobold!
Robin hits you but does no damage. Robin barely misses you.
The hobgoblin no longer looks unusually strong.
Robin roars a battlecry!
The hobgoblin goes into a battle-frenzy!
Items here: ( )) †.
You barely miss Robin. Robin hits you with a +0 spear.
You closely miss Robin. You slash the goblin!
You kill the goblin!
You closely miss Robin.
Robin roars a battlecry!
A goblin comes into view. It is wielding a +0 club.
The hobgoblin closely misses you. Robin hits you with a +0 spear.
You closely miss Robin. Your headbutt misses Robin.
You closely miss the hobgoblin.
A hobgoblin comes into view.
Robin roars a battlecry!
The hobgoblin goes into a battle-frenzy!
You block the hobgoblin's attack.
You closely miss Robin. You barely miss the hobgoblin.
You barely miss the goblin. The goblin hits you with a +0 club.
The hobgoblin hits you.
You are too injured to fight recklessly!
You are too injured to fight recklessly!
You are too injured to fight recklessly!
You are too injured to fight recklessly!
You slash Robin!
Robin is severely wounded.
You barely miss the goblin. You barely miss the hobgoblin.
You block the hobgoblin's attack. The goblin hits you with a +0 club.
You die...

####### .......
.......
.......########
......gg......#
......g@#####.#
#....##g#
###'#######
#... #.#
#.........# +.
#.# #.......[.#
#.# #.........#
#.# #.........#
# ..#
#.........# #
### #..[......#
# #.........# #


You could see Robin, 2 hobgoblins and a goblin (strong).

Vanquished Creatures
  2 adders (D:2)
  A dart slug (D:2)
  2 endoplasms
  6 goblins
  3 hobgoblins
  A quokka (D:1)
  A ball python (D:2)
  A bat (D:2)
  A frilled lizard (D:2)
  3 kobolds
21 creatures vanquished.

Notes
Turn   | Place    | Note
-------+----------+-------------------------------------------
     0 | D:1      | browni3141 the Minotaur Fighter began the quest for the
                  | Orb.
     0 | D:1      | Reached XP level 1. HP: 19/19 MP: 0/0
    72 | D:2      | Reached XP level 2. HP: 27/27 MP: 1/1
    96 | D:2      | Found a runed translucent door.
    97 | D:2      | Noticed Crazy Yiuf
   129 | D:2      | Found Gyppan's Jewellery Boutique.
   207 | D:2      | Noticed Robin
   214 | D:2      | Reached XP level 3. HP: 11/33 MP: 2/2
   225 | D:2      | Slain by a goblin

Illustrated notes

Levels and vault maps discovered:
D:1:      scummos_arrival_forest, layout_basic, serial_forest,
          infiniplex_forest_end_2, infiniplex_forest_clump_large,
          infiniplex_forest_clump_tiny, infiniplex_forest_lined_corner,
          infiniplex_forest_straight_1, infiniplex_forest_lined_1,
          infiniplex_forest_lined_corner, shapermc_ecumenical_altar_mp_highgroup
D:2:      layout_basic, serial_shops, nicolae_shop_just_a_little_nook,
          nrook_uturn, uniq_crazy_yiuf_cottage, uniq_robin

Skill      XL: |  1  2 |
---------------+-------+-----
Axes           | 3 |  3.4
Fighting       | 4 |  4.0
Armour         | 4 |  4.0
Shields        | 4 |  4.0

Action                     || total
---------------------------++-------
  Melee: War axe           ||    44
         Headbutt          ||     4
 Armour: Scale mail        ||    45
  Dodge: Dodged            ||    17
  Block: Buckler           ||     5
